 Dungeon Crawl Stone Soup version 0.20.0-15-g7f486f2 (webtiles) character file.

603317 Gorglomux the Acrobat (level 27, -11/189 HPs)
             Began as a Kobold Berserker on June 11, 2017.
             Was a High Priest of Trog.
             Mangled by an Orb Guardian (43 damage)
             ... on level 5 of the Realm of Zot.
             The game lasted 02:54:29 (70509 turns).

Gorglomux the Acrobat (Kobold Berserker)           Turns: 70509, Time: 02:54:30

Health: -11/189    AC: 40    Str: 22    XL:     27
Magic:  19/36      EV: 31    Int: 16    God:    Trog [*****.]
Gold:   3210       SH: 17    Dex: 22    Spells: 26/26 levels left

rFire    + . .     SeeInvis +   a - +7 rapier (vamp) {god gift}
rCold    + . .     Gourm    .   y - +0 shield "Sidghias" {rN+ Str+4}
rNeg     + . .     Faith    .   u - +9 shadow dragon scales
rPois    +         Spirit   .   v - +2 hat
rElec    +         Reflect  .   k - +1 cloak
rCorr    .         Harm     .   n - +2 pair of gloves {Dex+3}
MR       ++...     Clarity  +   q - +2 pair of boots of the Assassin {Detection Stab+ Stlth++}
Stlth    ++++++++++             o - amulet of Divine Intervention {rElec rPois Regen+}
Regen    0.9/turn               c - +6 ring of protection
MPRegen  0.3/turn               l - ring of Xom's Displeasure {rF+ Int+5 SInv}

@: about to teleport, berserk cooldown, slowed, very slow
A: carnivore 3, clarity, clumsy 1, cold resistance 1, poison resistance,
MP-powered wands
}: 4/15 runes: serpentine, barnacled, silver, abyssal
a: Berserk, Trog's Hand, Brothers in Arms, Burn Spellbooks, Renounce Religion


You were on level 5 of the Realm of Zot.
You worshipped Trog.
Trog was extremely pleased with you.
You were not hungry.

You visited 9 branches of the dungeon, and saw 47 of its levels.
You visited the Abyss 3 times.
You also visited: Labyrinth and Volcano.

You collected 6580 gold pieces.
You spent 3370 gold pieces at shops.

Inventory:

Hand Weapons
 a - a +7 vampiric rapier (weapon) {god gift}
 b - a +2 dagger of electrocution
 x - a +5 antimagic quick blade {god gift}
Missiles
 K - 18 tomahawks of returning (quivered)
 Z - 10 throwing nets
Armour
 k - a +1 cloak (worn)
 n - a +2 pair of gloves of dexterity (worn)
 q - the +2 pair of boots of the Assassin (worn) {Detection Stab+ Stlth++}
   (You bought it in a shop on level 2 of the Orcish Mines)

   It makes you much more stealthy.
 u - +9 shadow dragon scales (worn)
 v - a +2 hat (worn)
 y - the +0 shield "Sidghias" (worn) {rN+ Str+4}
   (You found it in a labyrinth)

   It affects your strength (+4).
   It protects you from negative energy.
Jewellery
 c - a +6 ring of protection (left hand)
 f - an uncursed ring of protection from fire
 g - an uncursed ring of resist corrosion
 h - a +3 amulet of reflection
 l - the ring of Xom's Displeasure (right hand) {rF+ Int+5 SInv}
   (You found it on level 11 of the Dungeon)

   [ring of see invisible]

   It affects your intelligence (+5).
   It protects you from fire.
   It lets you see invisible.
 m - an uncursed ring of protection from magic
 o - the amulet of Divine Intervention (around neck) {rElec rPois Regen+}
   (You found it on level 5 of the Vaults)

   [amulet of regeneration]

   It insulates you from electricity.
   It protects you from poison.
   It increases your rate of regeneration.
Wands
 A - a wand of acid (6/15)
 D - a wand of digging (12/24)
 I - a wand of iceblast (12/15)
 P - a wand of paralysis (10/24)
Scrolls
 e - 4 scrolls of fog
 i - 2 scrolls of holy word
 j - a scroll of silence
 w - 15 scrolls of remove curse
 B - 3 scrolls of blinking
 C - a scroll of acquirement
 F - 5 scrolls of immolation
 M - 2 scrolls of magic mapping
 R - 9 scrolls of identify
 S - 7 scrolls of fear
 T - 7 scrolls of teleportation
Potions
 d - 3 potions of ambrosia
 r - 4 potions of resistance
 s - 2 potions of might
 t - 4 potions of invisibility
 E - 14 potions of heal wounds
 G - 4 potions of flight
 H - 4 potions of cancellation
 J - 9 potions of mutation {!q}
 N - 2 potions of agility
 Q - 13 potions of curing
 V - 5 potions of haste
Miscellaneous
 p - a fan of gales
 L - a lightning rod (4/4)
 U - 4 boxes of beasts
 W - 3 sacks of spiders
 X - a phial of floods
 Y - a lamp of fire
Comestibles
 z - 23 meat rations
 O - 6 royal jellies


   Skills:
 + Level 23.9 Fighting
 - Level 16.9 Short Blades
 - Level 9.2 Armour
 + Level 25.1 Dodging
 - Level 21.0 Stealth
 + Level 17.8 Shields
 + Level 18.8 Evocations


You had 26 spell levels left.
You didn't know any spells.

Dungeon Overview and Level Annotations

Branches:
Dungeon (15/15)            Temple (0/1) D:5            Lair (6/6) D:10
 Shoals (4/4) Lair:2        Snake (4/4) Lair:4          Orc (2/2) D:9
    Elf (1/3) Orc:2        Vaults (5/5) D:14          Crypt (0/3) Vaults:3
 Depths (5/5) D:15            Zot (5/5) Depths:5
  Slime: Lair:5-6

Altars:
Dithmenos
Fedhas
Gozag
Hepliaklqana
Kikubaaqudgha
Makhleb
Nemelex Xobeh
Okawaru
Qazlal
Vehumet
Xom
Yredelemnul
Zin
The Shining One
Beogh

Shops:
Orc:2 ![[(   Snake:1 ?   Vaults:1 (   Vaults:3 (%?*   Depths:5 [

Portals:
Hell: Depths:1 Depths:2 Depths:3 Depths:4 Depths:5
Abyss: Depths:2 Depths:4 Depths:5
Pandemonium: Depths:2 Depths:3
Ziggurat: Depths:3
Trove: Vaults:2 (give 17 scrolls of teleportation)

Annotations:
D:3 exclusion: door
D:14 1 exclusion
Lair:5 exclusion: oklob plant
Lair:6 exclusions: door and 3 oklob plants
Vaults:3 Sojobo
Depths:3 4 exclusions


Innate Abilities, Weirdness & Mutations

You are small and have problems with some larger weapons.
You are carnivorous and can eat meat at any time.
You possess an exceptional clarity of mind.
You are clumsy. (Dex -2)
Your flesh is cold resistant. (rC+)
Your system is resistant to poisons. (rPois)
You expend magic power (3 MP) to strengthen your wands.


Message History

The Orb Guardian goes berserk!
You block the death cob's attack.
Unknown command.
Your blink will be uncontrolled - continue anyway?
The Orb prevents control of your translocation!
You blink.
As you read the scroll of blinking, it crumbles to dust.
The Orb Guardian misses you. You block the death cob's attack.
The Orb Guardian completely misses you. The Orb Guardian hits you!!
* * * LOW HITPOINT WARNING * * *
The moth of wrath angrily waves its antennae.
The moth of wrath goads the Orb Guardian on!
The Orb Guardian goes berserk!
The death cob hits you.
* * * LOW HITPOINT WARNING * * *
The Orb Guardian hits you but does no damage.
You block the Orb Guardian's attack.
Unknown command.
The death cob completely misses you. The death cob closely misses you.
The Orb Guardian hits you but does no damage.
You block the death cob's attack. The Orb Guardian hits you!!!
You die...

##........#######.........# #..
#........................#######
#....⌠...................+......
#................##......#######
#................##......#
#####################.#### #.#
********** ########.#######*
,,,,,,,,,** #.@XXy..........*
,,,,,,,,,,** ##zXX..^.......#*
,,,,,,,,,,,** #X............# *
,,,,,,,,,,,,* ##...........## *
,,,,,,,,,,,,* #...........# *
,,,,,,,,,,,,* *#...........#* *
,,,,,,,,,,,,* #.............# *
,,,,,,,,,,,,* *#.............#* *
,,,,,,,,,,,,**#...............***


You could see a death cob, 5 Orb Guardians and a moth of wrath.

Vanquished Creatures
  An orb of fire (Zot:5)
  An ancient lich (Vaults:5)
  Saint Roka (Vaults:4)
  A caustic shrike (Depths:4)
  Margery (Depths:1)
  Xtahua (Vaults:4)
  7 golden dragons
  the Enchantress (Depths:4)
  Jory (Vaults:2)
  An electric golem (Zot:5)
  4 bone dragons
  4 liches
  18 tentacled monstrosities
  Rupert (D:15)
  2 Orb Guardians (Zot:5)
  5 titans
  A deep elf master archer (Depths:2)
  Gastronok (Lair:2)
  2 quicksilver dragons
  2 death cobs
  6 sphinxes
  8 storm dragons
  A storm dragon (shapeshifter) (Depths:2)
  2 thorn hunters (Depths:4)
  A draconian monk (Zot:4)
  7 shadow dragons
  11 tengu reavers
  Ilsuiw (Shoals:4)
  9 nagarajas
  12 fire giants
  An iron dragon (shapeshifter) (Depths:2)
  2 draconian shifters
  3 deep elf sorcerers
  4 draconian knights
  4 draconian scorchers
  6 iron dragons
  11 vault wardens
  2 deep elf elementalists (Vaults:5)
  4 orc warlords
  2 draconian stormcallers
  13 frost giants
  A ghost moth (Depths:2)
  9 ironheart preservers
  5 draconian annihilators
  3 spriggan defenders
  3 war gargoyles
  40 very ugly things
  3 vampire knights
  5 deep elf annihilators
  A deep elf demonologist (Vaults:5)
  16 stone giants
  3 starcursed masses (Abyss:3)
  8 black draconians
  A dire elephant (Lair:6)
  3 red draconians
  4 purple draconians
  4 green draconians
  6 yellow draconians
  A lorocyproca (Depths:2)
  14 spark wasps
  5 white draconians
  3 deep elf death magi
  8 jiangshi
  6 merfolk javelineers
  2 minotaurs (D:11)
  2 crystal guardians (Depths:2)
  13 merfolk impalers
  11 ettins
  Josephine (Orc:2)
  10 great orbs of eyes
  Erolcha (D:12)
  10 fire dragons
  Harold (Orc:1)
  27 yaktaur captains
  A deep elf high priest (Vaults:5)
  7 hydras
  4 ice dragons
  22 naga warriors
  28 vault guards
  6 rakshasas
  6 spriggan air magi
  2 merfolk avatars
  33 two-headed ogres
  6 anacondas
  2 death knights
  8 merfolk aquamancers
  An alligator snapping turtle (Shoals:4)
  7 deep troll shamans
  12 centaur warriors
  8 deep troll earth magi
  The ghost of grindst0ne the Unseen, a journeyman OpAs of Ru (D:10)
  5 satyrs
  7 death yaks
  10 dancing weapons
  4 tengu warriors
  2 spriggan berserkers (Depths:4)
  9 ogre magi
  Urug (Orc:1)
  2 thrashing horrors (Abyss:3)
  24 naga sharpshooters
  4 shock serpents
  6 vampire magi
  A soul eater (Abyss:1)
  3 iron trolls (Depths:1)
  4 orc high priests
  10 deep elf knights
  A wretched star (Abyss:1)
  A sixfirhy (Abyss:3)
  17 deep trolls
  4 salamander mystics
  18 sea snakes
  27 hell knights
  4 shadow wraiths
  6 wizards
  5 deep elf archers
  3 flayed ghosts
  7 naga ritualists
  8 glowing orange brains
  A lindwurm (Lair:6)
  4 unseen horrors
  A kraken simulacrum (Shoals:4)
  A glowing orange brain (shapeshifter) (Depths:2)
  16 necromancers
  16 ironbrand convokers
  18 harpies
  7 phantasmal warriors
  7 orc sorcerers
  19 orc knights
  5 mana vipers
  26 ugly things
  A wolf spider (Vaults:4)
  12 cyclopes
  2 salamanders (shapeshifter)
  7 salamanders
  33 deep elf magi
  20 fauns
  12 manticores
  5 elephants
  10 guardian serpents
  26 black mambas
  9 moths of wrath
  A guardian serpent (shapeshifter) (Depths:2)
  15 naga magi
  A black mamba (shapeshifter) (Vaults:3)
  10 water nymphs
  7 merfolk sirens
  10 vault sentinels
  A rust devil (Abyss:1)
  4 centaur skeletons
  A torpor snail (Lair:6)
  An orange demon (Abyss:1)
  An elf zombie (Vaults:5)
  A torpor snail (shapeshifter) (D:15)
  A smoke demon (Abyss:1)
  A rime drake (shapeshifter) (Vaults:4)
  8 spiny frogs
  A kobold demonologist (D:13)
  4 rime drakes
  77 yaktaurs
  3 efreet
  10 komodo dragons
  An ancient zyme (Abyss:2)
  A human skeleton (Vaults:5)
  6 freezing wraiths
  A komodo dragon (shapeshifter) (Vaults:5)
  A tengu simulacrum (Vaults:5)
  6 tengu conjurers
  23 merfolk
  2 trolls (shapeshifter)
  Grinder (D:4)
  2 polar bears (shapeshifter)
  5 wind drakes
  A raiju (shapeshifter) (D:14)
  11 hippogriffs
  10 trolls
  22 blink frogs
  3 polar bears
  12 slime creatures
  A dream sheep (shapeshifter) (Vaults:5)
  3 hornets
  A blink frog (shapeshifter) (Vaults:1)
  2 ettin skeletons (Vaults:5)
  8 snapping turtles
  A stone giant simulacrum (Vaults:5)
  12 dream sheep
  19 water elementals
  A spriggan (D:8)
  8 air elementals
  2 wyverns
  3 shadows
  10 wraiths
  A vampire (D:15)
  2 ynoxinuls
  4 small abominations
  30 yaks
  A yak (shapeshifter) (Depths:2)
  A fire elemental (Depths:3)
  A fire bat (shapeshifter) (Depths:3)
  2 fire bats (Abyss:3)
  5 large abominations
  2 golden eyes (shapeshifter) (Vaults:4)
  20 humans (D:14)
  6 neqoxecs (Abyss:3)
  6 basilisks
  A basilisk (shapeshifter) (Depths:2)
  4 hungry ghosts
  A steam dragon (D:10)
  9 vampire mosquitoes
  Menkaure (D:7)
  10 insubstantial wisps
  80 nagas
  7 wargs
  2 acid dragons (Vaults:1)
  2 hell hounds (Abyss:3)
  7 water moccasins
  A floating eye (shapeshifter) (Depths:2)
  Duvessa (D:7)
  A floating eye (Depths:4)
  66 orc warriors
  3 black bears
  2 ice beasts (shapeshifter)
  7 porcupines
  5 ice beasts
  An eye of draining (D:7)
  16 boggarts
  5 sky beasts
  31 ogres
  3 phantoms
  3 wolves (Lair:2)
  An elf skeleton (Vaults:5)
  33 centaurs
  A crocodile (shapeshifter) (Depths:3)
  15 crocodiles
  4 big kobolds
  Blork the orc (D:6)
  16 bullfrogs
  A wyvern zombie (D:14)
  Dowan (D:7)
  4 scorpions
  9 wights
  10 killer bees
  3 electric eels
  9 howler monkeys
  9 crimson imps
  3 centaur zombies
  2 bullfrog zombies
  6 jellies
  A jelly (shapeshifter) (Depths:5)
  2 quasits
  11 hounds
  Crazy Yiuf (D:7)
  25 orc wizards
  28 orc priests
  An iguana (shapeshifter) (D:15)
  An iron imp (Abyss:1)
  A bullfrog skeleton (D:6)
  Ijyb (D:3)
  10 worker ants
  5 iguanas
  A hound zombie (D:11)
  A howler monkey zombie (D:7)
  2 worker ant zombies
  10 gnolls
  15 adders
  4 shadow imps
  14 white imps
  An ufetubus (Abyss:2)
  An ooze (D:4)
  2 adder zombies
  2 adder skeletons
  A worm (D:2)
  4 dart slugs
  5 leopard geckos
  122 orcs
  9 bats
  4 giant cockroaches
  7 hobgoblins
  6 jackals
  5 quokkas
  5 frilled lizards
  6 goblins
  A jackal skeleton (D:4)
  25 kobolds
  A quokka skeleton (D:6)
  9 rats
  A plant (Shoals:4)
2167 creatures vanquished.

Vanquished Creatures (collateral kills)
  A sphinx (Vaults:5)
  Donald (Elf:1)
  A nagaraja (Snake:2)
  The ghost of kuniqs the Warrior, an adept VSFi of Okawaru (Depths:4)
  2 ironheart preservers (Vaults:1)
  A minotaur (Lab)
  A crystal guardian (Vaults:4)
  A vault guard (Vaults:1)
  An ice dragon (Vaults:4)
  A naga warrior (Snake:2)
  A spriggan air mage (Depths:2)
  3 anacondas (Snake:2)
  A deep troll shaman (Vaults:1)
  A naga sharpshooter (Snake:4)
  A dancing weapon (Depths:2)
  A shock serpent (Snake:4)
  A deep troll (Vaults:1)
  A naga ritualist (Snake:2)
  An ironbrand convoker (Vaults:4)
  A necromancer (Vaults:4)
  3 ugly things (D:15)
  A cyclops (Shoals:3)
  2 salamanders (Snake:2)
  A centaur zombie (D:15)
  A vault sentinel (Vaults:4)
  3 black mambas (Snake:2)
  A kobold demonologist (D:15)
  2 yaktaurs (D:11)
  3 dream sheep (Shoals:3)
  A wraith (D:15)
  5 nagas
  An orc warrior (D:15)
  4 gnolls (D:11)
  An orc (D:15)
52 creatures vanquished.

Vanquished Creatures (others)
  A ghost moth (Depths:2)
  A draconian knight (Depths:5)
  A fire giant (Depths:2)
  2 stone giants
  A war gargoyle (Vaults:5)
  A draconian annihilator (Zot:4)
  A purple draconian (Zot:2)
  A fire dragon (Depths:2)
  A yaktaur captain (Depths:2)
  An ice dragon (Vaults:3)
  A centaur warrior (Depths:2)
  A satyr (Depths:4)
  Sonja (D:13)
  A deep troll (Vaults:4)
  A deep elf archer (Vaults:2)
  A wolf spider (Vaults:1)
  A moth of wrath (Zot:5)
  11 yaktaurs
  A snapping turtle (Shoals:4)
  A fire bat (Abyss:3)
  An orc warrior (Vaults:4)
  A centaur (D:11)
  A bullfrog (D:15)
  A ball lightning (D:14)
  2 orcs (Vaults:4)
  2 kobolds (D:13)
  3 fungi
  119 plants
  2 starspawn tentacles (Abyss:3)
  8 tentacles (Shoals:4)
  11 toadstools (D:3)
182 creatures vanquished.

Grand Total: 2401 creatures vanquished

Notes
Turn   | Place    | Note
-------+----------+-------------------------------------------
     0 | D:1      | Gorglomux the Kobold Berserker began the quest for the Orb.
     0 | D:1      | Reached XP level 1. HP: 14/14 MP: 1/1
   265 | D:1      | HP: 1/21 [leopard gecko (1)]
   835 | D:1      | Reached XP level 2. HP: 19/19 MP: 2/2
  1324 | D:1      | Reached XP level 3. HP: 23/23 MP: 3/3
  1798 | D:2      | Reached ** piety under Trog
  1837 | D:2      | Reached skill level 6 in Short Blades
  1897 | D:2      | Reached XP level 4. HP: 27/28 MP: 4/4
  2140 | D:2      | Found a radiant altar of Vehumet.
  2410 | D:3      | Reached XP level 5. HP: 32/32 MP: 5/5
  2603 | D:3      | Found a faded altar of an unknown god.
  2738 | D:3      | Noticed Ijyb
  2748 | D:3      | Killed Ijyb
  2820 | D:3      | Found a sparkling altar of Nemelex Xobeh.
  2866 | D:3      | Noticed a black bear
  2881 | D:3      | Killed a black bear
  2881 | D:3      | Reached XP level 6. HP: 37/37 MP: 6/6
  3078 | D:3      | Reached skill level 9 in Short Blades
  3259 | D:3      | Reached *** piety under Trog
  3462 | D:4      | Noticed a sky beast
  3468 | D:4      | Killed a sky beast
  3468 | D:4      | Reached XP level 7. HP: 41/41 MP: 7/7
  3802 | D:4      | Noticed Grinder
  3808 | D:4      | Paralysed by Grinder for 2 turns
  3814 | D:4      | Killed Grinder
  3814 | D:4      | Reached XP level 8. HP: 46/46 MP: 8/8
  4183 | D:5      | Entered Level 5 of the Dungeon
  4353 | D:5      | Reached skill level 1 in Stealth
  4445 | D:5      | Reached skill level 3 in Dodging
  4502 | D:5      | Reached skill level 3 in Stealth
  4562 | D:5      | Found a staircase to the Ecumenical Temple.
  4627 | D:5      | Found a stormy altar of Qazlal.
  4805 | D:6      | Reached skill level 4 in Dodging
  4943 | D:6      | Noticed Blork the orc
  4951 | D:6      | Killed Blork the orc
  4951 | D:6      | Reached XP level 9. HP: 54/54 MP: 9/9
  4958 | D:6      | Reached skill level 5 in Dodging
  5099 | D:6      | Found a stormy altar of Qazlal.
  5127 | D:6      | Found a glowing silver altar of Zin.
  5127 | D:6      | Noticed an angel
  5356 | D:6      | Reached skill level 6 in Stealth
  5759 | D:6      | Reached skill level 6 in Dodging
  5761 | D:6      | Reached skill level 6 in Fighting
  5767 | D:6      | Reached **** piety under Trog
  5975 | D:7      | Noticed Dowan
  5976 | D:7      | Noticed Duvessa
  5984 | D:7      | Killed Duvessa
  5991 | D:7      | Gained mutation: You possess an exceptional clarity of mind. [potion of mutation]
  5991 | D:7      | Gained mutation: Your system is resistant to poisons. (rPois) [potion of mutation]
  5991 | D:7      | Gained mutation: Your flesh is cold resistant. (rC+) [potion of mutation]
  5998 | D:7      | Killed Dowan
  6005 | D:7      | Noticed Menkaure
  6016 | D:7      | HP: 2/56 [Menkaure (12)]
  6019 | D:7      | Killed Menkaure
  6450 | D:7      | Noticed a hippogriff
  6467 | D:7      | Killed a hippogriff
  6467 | D:7      | Reached skill level 7 in Dodging
  6779 | D:7      | Reached XP level 10. HP: 63/63 MP: 10/10
  6800 | D:7      | Found a burning altar of Makhleb.
  6881 | D:7      | Killed an unseen horror
  6881 | D:7      | Reached skill level 8 in Dodging
  6881 | D:7      | Reached skill level 9 in Stealth
  7298 | D:7      | Found a runed door.
  7826 | D:7      | Noticed Crazy Yiuf
  7832 | D:7      | Killed Crazy Yiuf
  8168 | D:8      | Reached skill level 9 in Dodging
  8200 | D:8      | Found an iron altar of Okawaru.
  8201 | D:8      | Found a hazy altar of Hepliaklqana.
  8203 | D:8      | Found a blossoming altar of Fedhas.
  8249 | D:8      | Found a shimmering altar of Xom.
  8250 | D:8      | Found a glowing golden altar of the Shining One.
  8252 | D:8      | Found an ancient bone altar of Kikubaaqudgha.
  8252 | D:8      | Found a basalt altar of Yredelemnul.
  8253 | D:8      | Found an opulent altar of Gozag.
  8296 | D:8      | Noticed a two-headed ogre
  8324 | D:8      | Killed a two-headed ogre
  8420 | D:8      | Reached XP level 11. HP: 69/69 MP: 11/11
  8424 | D:8      | Reached skill level 9 in Fighting
  8730 | D:9      | Noticed a two-headed ogre
  8741 | D:9      | Killed a two-headed ogre
  8741 | D:9      | Reached skill level 3 in Armour
  8818 | D:9      | Found a staircase to the Orcish Mines.
  8965 | D:9      | Reached skill level 10 in Dodging
  9049 | D:9      | Reached ***** piety under Trog
  9276 | D:9      | Noticed a two-headed ogre
  9288 | D:9      | Killed a two-headed ogre
  9325 | D:9      | Noticed a centaur warrior
  9342 | D:9      | Killed a centaur warrior
  9715 | D:10     | Entered Level 10 of the Dungeon
  9723 | D:10     | Noticed grindst0ne's ghost (journeyman OpAs)
  9754 | D:10     | Killed grindst0ne's ghost
  9911 | D:10     | Found a shadowy altar of Dithmenos.
  9966 | D:10     | Noticed a two-headed ogre
  9977 | D:10     | Killed a two-headed ogre
 10195 | D:10     | Reached skill level 12 in Stealth
 10408 | D:10     | Noticed a cyclops
 10436 | D:10     | Killed a cyclops
 10436 | D:10     | Reached XP level 12. HP: 78/78 MP: 12/12
 10905 | D:10     | Found a staircase to the Lair.
 11066 | D:11     | Reached skill level 11 in Dodging
 11830 | Lair:1   | Entered Level 1 of the Lair of Beasts
 12069 | Lair:1   | Found a frozen archway.
 12128 | Lair:1   | Received a gift from Trog
 12247 | Lair:1   | Found a labyrinth entrance.
 12259 | Lab      | Entered a labyrinth
 13008 | Lab      | Noticed a minotaur
 13132 | Lab      | Killed a minotaur
 13136 | Lab      | Got a fine brass ring
 13169 | Lab      | Got a fine shield
 13175 | Lab      | Identified the cursed +0 shield "Sidghias" {rN+ Str+4} (You found it in a labyrinth)
 13175 | Lab      | Got a pitted plate armour
 13186 | Lab      | Identified the cursed +1 plate armour of Awe {Str+4} (You found it in a labyrinth)
 13265 | Lair:1   | Reached skill level 6 in Armour
 13397 | Lair:1   | Reached skill level 12 in Dodging
 13578 | Lair:1   | Reached skill level 1 in Shields
 13945 | Lair:1   | Identified the ring of Vaum {Str+7 Dex+4} (You took it off a minotaur in a labyrinth)
 14141 | Lair:2   | Noticed a four-headed hydra
 14162 | Lair:1   | Killed a four-headed hydra
 14162 | Lair:1   | Reached XP level 13. HP: 84/84 MP: 13/13
 14247 | Lair:2   | Found a staircase to the Shoals.
 14325 | Lair:2   | Identified a scroll of acquirement
 14446 | Lair:2   | Noticed Gastronok
 14465 | Lair:2   | Killed Gastronok
 14568 | Lair:2   | Reached skill level 3 in Shields
 14695 | Lair:2   | Reached skill level 12 in Fighting
 16049 | Lair:4   | Found a staircase to the Snake Pit.
 16104 | Lair:4   | Reached skill level 13 in Dodging
 16318 | Lair:4   | Found a dark tunnel.
 16430 | Volcano  | Entered a volcano
 16499 | Lair:4   | Noticed a seven-headed hydra
 16521 | Lair:4   | Killed a seven-headed hydra
 17581 | Lair:5   | Got a dazzling quick blade
 17582 | Lair:5   | Identified the +8 quick blade of the Land of Plenty {pain, rC+ Int+2} (You acquired it on level 5 of the Lair of Beasts)
 18110 | Lair:5   | Reached XP level 14. HP: 92/92 MP: 14/14
 18418 | Lair:6   | Entered Level 6 of the Lair of Beasts
 18467 | Lair:6   | Received a gift from Trog
 18511 | Lair:6   | Got a transparent short sword {god gift}
 18512 | Lair:6   | Identified the +3 short sword "Goblinbane" {god gift, drain, rF++} (Trog gifted it to you on level 6 of the Lair of Beasts)
 18968 | Lair:6   | Reached skill level 14 in Dodging
 19362 | Lair:6   | Noticed a dire elephant
 19398 | Lair:6   | Killed a dire elephant
 19398 | Lair:6   | Reached skill level 6 in Shields
 20505 | D:11     | Reached XP level 15. HP: 100/100 MP: 15/15
 20602 | D:11     | Got a glittering gossamer ring
 20606 | D:11     | Identified the ring of Xom's Displeasure {rF+ Int+5 SInv} (You found it on level 11 of the Dungeon)
 20627 | D:11     | Reached skill level 9 in Armour
 21116 | D:12     | Received a gift from Trog
 21298 | D:12     | Noticed Erolcha
 21305 | D:12     | Killed Erolcha
 21785 | D:12     | Reached skill level 15 in Dodging
 21996 | D:13     | Got a twisted demon trident
 22002 | D:13     | Identified the +8 demon trident of Forced Transition {freeze, Str+4 Int+5 Stlth-} (You found it on level 13 of the Dungeon)
 22170 | D:13     | Noticed Sonja
 22178 | D:13     | Killed Sonja
 22308 | D:13     | Reached skill level 12 in Short Blades
 23028 | D:14     | Received a gift from Trog
 23662 | D:14     | Found a gate to the Vaults.
 23679 | D:14     | Reached XP level 16. HP: 107/107 MP: 16/16
 24279 | D:15     | Entered Level 15 of the Dungeon
 24519 | D:15     | Noticed Rupert
 24539 | D:15     | Killed Rupert
 24887 | D:15     | Reached skill level 16 in Dodging
 24904 | D:15     | Received a gift from Trog
 25023 | D:15     | Reached skill level 15 in Fighting
 25259 | D:15     | Found a staircase to the Depths.
 25587 | D:15     | Reached skill level 9 in Shields
 25869 | Orc:1    | Entered Level 1 of the Orcish Mines
 26239 | Orc:1    | Found a roughly hewn altar of Beogh.
 26404 | Orc:1    | Received a gift from Trog
 26612 | Orc:1    | Noticed Harold
 26643 | Orc:1    | Killed Harold
 26734 | Orc:1    | Noticed Urug
 26750 | Orc:1    | Killed Urug
 26802 | Orc:1    | Found a roughly hewn altar of Beogh.
 26982 | Orc:2    | Entered Level 2 of the Orcish Mines
 26986 | Orc:2    | Found a staircase to the Elven Halls.
 26999 | Orc:2    | Found Xalaatyno's Distillery.
 27022 | Orc:2    | Bought a potion of agility for 56 gold pieces
 27022 | Orc:2    | Bought a potion of might for 56 gold pieces
 27022 | Orc:2    | Bought a potion of heal wounds for 70 gold pieces
 27022 | Orc:2    | Bought a potion of might for 56 gold pieces
 27022 | Orc:2    | Bought a potion of agility for 56 gold pieces
 27022 | Orc:2    | Bought a potion of heal wounds for 70 gold pieces
 27256 | Orc:2    | Noticed Josephine
 27413 | Orc:2    | Killed Josephine
 27433 | Orc:2    | Reached XP level 17. HP: 113/113 MP: 17/17
 27497 | Orc:2    | Found a roughly hewn altar of Beogh.
 28000 | Orc:2    | Found a roughly hewn altar of Beogh.
 28011 | Orc:2    | Found a roughly hewn altar of Beogh.
 28301 | Orc:2    | Found a roughly hewn altar of Beogh.
 28305 | Orc:2    | Found Echome Temip's Antique Armour Shop.
 28328 | Orc:2    | Bought a translucent chain mail for 294 gold pieces
 28338 | Orc:2    | Identified the +1 chain mail of Jiryo {rN+} (You bought it in a shop on level 2 of the Orcish Mines)
 28424 | Orc:2    | Reached ****** piety under Trog
 28669 | Orc:2    | Paralysed by an orc sorcerer for 4 turns
 28806 | Orc:2    | Found a roughly hewn altar of Beogh.
 28806 | Orc:2    | Found Zuunuf's Antique Weapon Emporium.
 28837 | Orc:2    | Found Yphes's Antique Armour Shoppe.
 28943 | Orc:2    | Received a gift from Trog
 29032 | Elf:1    | Entered Level 1 of the Elven Halls
 29216 | Elf:1    | Noticed Donald
 29240 | Elf:1    | Killed Donald
 29322 | Elf:1    | Got an ancient shield {Donald}
 29333 | Elf:1    | Identified the +1 shield of Joy {Donald, *Corrode rPois Int+4} (You took it off Donald on level 1 of the Elven Halls)
 29947 | Elf:1    | Reached skill level 17 in Dodging
 30120 | Orc:2    | Bought the +2 pair of boots of the Assassin {Detection Stab+ Stlth++} for 1620 gold pieces
 30346 | Snake:1  | Entered Level 1 of the Snake Pit
 30382 | Snake:1  | Reached skill level 15 in Short Blades
 30545 | Snake:1  | Found Riohojil's Magic Scroll Shop.
 30549 | Snake:1  | Bought a scroll of teleportation for 45 gold pieces
 31191 | Snake:2  | Received a gift from Trog
 32395 | Snake:2  | Reached XP level 18. HP: 92/122 MP: 18/18
 33267 | Snake:3  | Received a gift from Trog
 33983 | Snake:4  | Entered Level 4 of the Snake Pit
 34067 | Snake:4  | Reached skill level 18 in Dodging
 35776 | Snake:4  | Reached XP level 19. HP: 104/128 MP: 19/19
 36253 | Snake:4  | Received a gift from Trog
 37894 | Snake:4  | Got a serpentine rune of Zot
 38109 | Shoals:1 | Entered Level 1 of the Shoals
 38415 | Shoals:1 | Received a gift from Trog
 38608 | Shoals:1 | Reached skill level 19 in Dodging
 38689 | Shoals:1 | Reached skill level 12 in Shields
 39301 | Shoals:2 | Received a gift from Trog
 39309 | Shoals:2 | Reached skill level 18 in Fighting
 40770 | Shoals:3 | Reached XP level 20. HP: 136/136 MP: 9/20
 41112 | Shoals:3 | Got a crude helmet
 41123 | Shoals:3 | Identified the cursed +0 helmet "Irphoik" {MR- Str+3 Dex+8} (You found it on level 3 of the Shoals)
 41163 | Shoals:3 | Received a gift from Trog
 41254 | Shoals:4 | Entered Level 4 of the Shoals
 41267 | Shoals:4 | Noticed Ilsuiw
 41276 | Shoals:4 | Killed Ilsuiw
 41280 | Shoals:4 | Reached skill level 1 in Evocations
 41871 | Shoals:4 | Reached skill level 3 in Evocations
 42057 | Shoals:4 | Received a gift from Trog
 42624 | Shoals:4 | Got a barnacled rune of Zot
 43500 | Vaults:1 | Entered Level 1 of the Vaults
 43619 | Vaults:1 | Reached skill level 20 in Dodging
 44389 | Vaults:1 | Reached XP level 21. HP: 143/143 MP: 25/25
 44496 | Vaults:1 | Reached skill level 6 in Evocations
 45407 | Vaults:1 | Found Nohaanut's Weapon Shop.
 45595 | Vaults:2 | Received a gift from Trog
 46366 | Vaults:2 | Found a portal to a secret trove of treasure.
 46428 | Vaults:2 | Reached skill level 15 in Stealth
 46465 | Vaults:2 | Received a gift from Trog
 47023 | Vaults:2 | Noticed Jory
 47066 | Vaults:2 | Killed Jory
 47214 | Vaults:3 | Noticed Sojobo
 47451 | Vaults:3 | Found a staircase to the Crypt.
 47464 | Vaults:3 | Received a gift from Trog
 47633 | Vaults:3 | Found Fuimm's Antique Weapon Shop.
 47634 | Vaults:3 | Found Juidiebb's Food Shop.
 47834 | Vaults:3 | Found Roskis's Magic Scroll Shop.
 47840 | Vaults:3 | Bought a scroll of teleportation for 42 gold pieces
 47840 | Vaults:3 | Bought 3 scrolls of enchant armour for 315 gold pieces
 47840 | Vaults:3 | Bought a scroll of enchant armour for 105 gold pieces
 47840 | Vaults:3 | Bought a scroll of magic mapping for 49 gold pieces
 47840 | Vaults:3 | Bought a scroll of blinking for 105 gold pieces
 47840 | Vaults:3 | Bought a scroll of teleportation for 42 gold pieces
 47840 | Vaults:3 | Bought a scroll of teleportation for 42 gold pieces
 47840 | Vaults:3 | Bought a scroll of teleportation for 42 gold pieces
 47840 | Vaults:3 | Bought a scroll of enchant weapon for 105 gold pieces
 47989 | Vaults:3 | Found Gida's General Store.
 48009 | Vaults:3 | Bought a potion of heal wounds for 100 gold pieces
 48009 | Vaults:3 | Bought a potion of heal wounds for 100 gold pieces
 48139 | Vaults:3 | Reached XP level 22. HP: 150/150 MP: 28/28
 48334 | Vaults:3 | Reached skill level 9 in Evocations
 49196 | Vaults:4 | Noticed Xtahua
 49220 | Vaults:4 | Killed Xtahua
 49464 | Vaults:4 | Reached skill level 21 in Dodging
 49843 | Vaults:4 | Received a gift from Trog
 50019 | Vaults:4 | Noticed Saint Roka
 50132 | Vaults:4 | Killed Saint Roka
 50642 | Vaults:4 | Received a gift from Trog
 51205 | Vaults:2 | Reached XP level 23. HP: 156/156 MP: 31/31
 51360 | Depths:1 | Entered Level 1 of the Depths
 52284 | Depths:1 | Received a gift from Trog
 52575 | Depths:1 | Noticed Margery
 52606 | Depths:1 | Killed Margery
 52631 | Depths:1 | Found a gateway to Hell.
 53355 | Depths:2 | Reached skill level 18 in Stealth
 53400 | Depths:2 | Reached skill level 12 in Evocations
 53850 | Depths:2 | Paralysed by a sphinx for 7 turns
 53896 | Depths:2 | Received a gift from Trog
 54078 | Depths:2 | Noticed a golden dragon
 54590 | Depths:2 | Reached XP level 24. HP: 152/164 MP: 32/32
 55560 | Depths:2 | Reached skill level 22 in Dodging
 55575 | Depths:2 | Found a one-way gate to the infinite horrors of the Abyss.
 55576 | Depths:2 | Found a one-way gate leading to the halls of Pandemonium.
 56281 | Depths:2 | Killed a golden dragon
 56348 | Depths:2 | Received a gift from Trog
 56450 | Depths:3 | Reached skill level 15 in Shields
 56591 | Depths:3 | Noticed a caustic shrike
 56748 | Depths:2 | Reached skill level 21 in Fighting
 57187 | Depths:3 | Identified Baezodi's Almanac of Orientation
 57204 | Depths:3 | Noticed a golden dragon
 57240 | Depths:3 | Killed a golden dragon
 57608 | Depths:3 | Found a gateway to a ziggurat.
 58105 | Depths:4 | Noticed kuniqs's ghost (adept VSFi)
 58284 | Depths:4 | Killed kuniqs's ghost
 58337 | Depths:4 | Reached XP level 25. HP: 171/171 MP: 33/33
 58733 | Depths:4 | Received a gift from Trog
 59885 | Depths:4 | Received a gift from Trog
 60726 | Depths:4 | Noticed the Enchantress
 60788 | Depths:4 | Killed the Enchantress
 61126 | Depths:5 | Entered Level 5 of the Depths
 61157 | Depths:4 | Killed a caustic shrike
 61523 | Depths:5 | Reached skill level 23 in Dodging
 61838 | Depths:5 | Reached XP level 26. HP: 179/179 MP: 34/34
 61950 | Depths:5 | Reached skill level 15 in Evocations
 62464 | Depths:5 | Reached skill level 21 in Stealth
 62531 | Depths:5 | Found a gate to the Realm of Zot.
 62780 | Depths:5 | Found Otset's Armour Emporium.
 63191 | Depths:5 | Voluntarily entered the Abyss.
 63483 | Abyss:1  | Received a gift from Trog
 64156 | Abyss:3  | Gained mutation: You are robust. (+10% HP) [a neqoxec]
 64285 | Abyss:3  | Got an abyssal rune of Zot
 64510 | Depths:5 | Escaped the Abyss
 64906 | Vaults:5 | Entered Level 5 of the Vaults
 64933 | Vaults:5 | Received a gift from Trog
 64939 | Vaults:5 | Noticed an ancient lich
 64979 | Vaults:5 | Cast into level 5 of the Abyss (an ancient lich)
 64979 | Abyss:5  | Entered Level 5 of the Abyss
 64996 | Vaults:5 | Escaped the Abyss
 65012 | Vaults:5 | Killed an ancient lich
 65179 | Vaults:4 | Reached XP level 27. HP: 204/204 MP: 35/35
 65640 | Vaults:5 | Reached skill level 24 in Dodging
 65968 | Vaults:4 | Got an ancient graven amulet
 66612 | Vaults:5 | Identified the amulet of Juat {+Rage Str+7 Dex-2} (You took it off an ironbrand convoker on level 4 of the Vaults)
 66721 | Vaults:5 | Got a bound brass ring
 66722 | Vaults:5 | Received a gift from Trog
 66724 | Vaults:5 | Identified the ring "Visauliq" {*Corrode rElec rN++ Str+2 Slay+4} (You found it on level 5 of the Vaults)
 66847 | Vaults:5 | Got a smoking zirconium amulet
 66848 | Vaults:5 | Identified the amulet of Divine Intervention {rElec rPois Regen+} (You found it on level 5 of the Vaults)
 66885 | Vaults:5 | Paralysed by a sphinx for 4 turns
 67133 | Vaults:5 | Identified Hooqau Qokib's Papyrus of Poison and Protection
 67224 | Vaults:5 | Got a silver rune of Zot
 67675 | Vaults:5 | Got a glittering golden amulet
 67676 | Vaults:5 | Identified the amulet "Ceukur" {+Rage MR+ Str+9} (You found it on level 5 of the Vaults)
 68195 | Zot:1    | Entered Level 1 of the Realm of Zot
 68335 | Zot:2    | Received a gift from Trog
 68430 | Zot:2    | Identified the +12 short sword of Overwhelming Force {god gift, pierce, Int+4} (Trog gifted it to you on level 2 of the Realm of Zot)
 68729 | Zot:2    | Reached skill level 18 in Evocations
 68827 | Zot:3    | Cast into level 5 of the Abyss (a Zot trap)
 68827 | Abyss:5  | Entered Level 5 of the Abyss
 68861 | Zot:3    | Escaped the Abyss
 69612 | Zot:5    | Entered Level 5 of the Realm of Zot
 69652 | Zot:5    | Received a gift from Trog
 69723 | Zot:5    | Noticed an orb of fire
 69741 | Zot:5    | Gained mutation: You expend magic power (3 MP) to strengthen your wands. [an orb of fire]
 69759 | Zot:5    | Gained mutation: You are clumsy. (Dex -2) [an orb of fire]
 69842 | Zot:5    | Lost mutation: You are robust. (+10% HP) [an orb of fire]
 69856 | Zot:5    | Killed an orb of fire
 69856 | Zot:5    | Reached skill level 25 in Dodging
 70509 | Zot:5    | Mangled by an Orb Guardian

Skill      XL: |  1  2  3  4  5  6  7  8  9 10 11 12 13 14 15 16 17 18 19 20 21 22 23 24 25 26 27 |
---------------+----------------------------------------------------------------------------------+-----
Short Blades   | 5 6 7 8 9 11 12 14 15 16 | 16.9
Stealth        | 5 8 10 12 13 14 15 17 18 19 20 21 | 21.0
Dodging        | 4 7 9 10 12 13 14 15 16 17 18 19 20 21 22 23 25 | 25.1
Fighting       | 5 7 8 10 11 12 13 14 15 16 17 18 19 20 21 22 23 | 23.9
Armour         | 2 4 6 7 8 9 |  9.2
Shields        | 1 4 6 8 9 10 11 12 13 14 15 16 17 | 17.8
Evocations     | 5 8 10 12 13 14 16 18 | 18.8

Action                   |  1- 3 |  4- 6 |  7- 9 | 10-12 | 13-15 | 16-18 | 19-21 | 22-24 | 25-27 || total
-------------------------+-------+-------+-------+-------+-------+-------+-------+-------+-------++-------
Melee: Short sword       |   136 |     9 |       |   719 |  1355 |  1820 |   912 |       |       ||  4951
       Dagger            |       |   104 |   306 |   330 |    28 |   794 |   177 |   173 |       ||  1912
       Quick blade       |       |       |       |       |   155 |   337 |   565 |   478 |   206 ||  1741
       Rapier            |       |       |       |       |       |   415 |  2277 |  3012 |  4472 || 10176
Throw: Tomahawk          |     2 |       |       |       |       |       |       |       |       ||     2
Invok: Berserk           |     3 |     5 |     7 |    25 |    17 |    47 |    37 |    37 |    41 ||   219
       Trog's Hand       |       |       |     3 |     4 |     7 |    21 |    15 |    20 |    26 ||    96
       Burn Spellbooks   |       |       |     1 |     3 |     5 |       |     3 |     2 |     7 ||    21
       Brothers in Arms  |       |       |       |     3 |       |     6 |     4 |     5 |     5 ||    23
Evoke: Wand              |       |       |     3 |     2 |     1 |    11 |     8 |     5 |    14 ||    44
       Lightning rod     |       |       |       |       |       |     4 |     4 |       |       ||     8
       Lamp of fire      |       |       |       |       |       |     1 |     2 |     4 |     2 ||     9
  Use: Potion            |       |       |     2 |       |     1 |     4 |     6 |     1 |    11 ||    25
       Scroll            |       |       |       |    21 |    15 |    12 |    17 |     6 |    33 ||   104
 Stab: Sleeping          |       |     6 |     9 |    16 |    44 |    49 |    48 |    13 |    19 ||   204
       Distracted        |       |       |       |     3 |     5 |    19 |    13 |     8 |     8 ||    56
       Invisible         |       |       |       |       |       |       |     1 |       |    15 ||    16
       Confused          |       |       |       |       |       |       |       |       |     1 ||     1
  Eat: Chunk             |    14 |     9 |    19 |    67 |    54 |    96 |   120 |   125 |   101 ||   605
       Royal jelly       |       |       |       |       |       |     5 |     7 |       |       ||    12
       Meat ration       |       |       |       |       |       |     2 |       |       |     2 ||     4
Armor: Animal skin       |     8 |       |       |       |       |       |       |       |       ||     8
       Leather armour    |    15 |    20 |       |       |       |       |       |       |       ||    35
       Ring mail         |       |       |    47 |    19 |       |       |       |       |       ||    66
       Chain mail        |       |       |       |   186 |   143 |       |       |       |       ||   329
       Shadow dragon sca |       |       |       |       |    98 |   516 |   584 |   772 |  1099 ||  3069
Dodge: Dodged            |    83 |    73 |   121 |   480 |   665 |  1341 |  1746 |  2117 |  3001 ||  9627
Block: Shield            |       |       |       |    47 |   816 |  1440 |  1980 |  2567 |  3217 || 10067
       Reflection        |       |       |       |       |    29 |       |    17 |    66 |    54 ||   166
